 Dungeon Crawl Stone Soup version 0.27.1-33-g824d729ab1 (webtiles) character file.

Game seed: 16679209049787546934

5 vvl the Changer (level 1, -1/9 HPs)
             Began as a Spriggan Transmuter on Dec 29, 2021.
             Slain by a goblin (3 damage)
             ... on level 1 of the Dungeon.
             The game lasted 00:01:36 (78 turns).

vvl the Changer (Spriggan Transmuter)                 Turns: 78, Time: 00:01:37

Health: -1/9       AC:  2    Str:  6    XL:     1   Next: 66%
Magic:  5/5        EV: 17    Int: 14    God:
Gold:   5          SH:  0    Dex: 15    Spells: 4/5 levels left

rFire    . . .     SeeInvis +     - Unarmed
rCold    . . .     Faith    .   (shield restricted)
rNeg     . . .     Spirit   .   a - +0 robe
rPois    .         Reflect  .   (helmet currently unavailable)
rElec    .         Harm     .   (no cloak)
rCorr    .         Rampage  .   (gloves unavailable)
Will     .....                  (boots unavailable)
Stlth    +.........             (no amulet)
HPRegen  0.03/turn              (no ring)
MPRegen  0.09/turn              (no ring)

@: appendages (expiring), very quick
A: horns 2, talons 2, very small, no large weapons, unfitting armour, see
invisible, speed 3
a: End Transformation


You were on level 1 of the Dungeon.
You had temporarily grown beastly horns and talons.
You visited 1 branch of the dungeon, and saw 1 of its levels.

You collected 5 gold pieces.

Inventory:

Armour
 a - a +0 robe (worn)


   Skills:
 + Level 0.9 Fighting
 + Level 2.8 Dodging
 * Level 2.5 Unarmed Combat
 + Level 2.8 Spellcasting
 + Level 2.8 Transmutations


You had 4 spell levels left.
You knew the following spells:

 Your Spells              Type           Power      Damage    Failure   Level
a - Beastly Appendage     Tmut           20%        N/A       7%          1

Your spell library contained the following spells:

 Spells                   Type           Power      Damage    Failure   Level
 Wereblood                Tmut           10%        N/A       11%         2
 Spider Form              Tmut/Pois      2%         N/A       36%         3
 Ice Form                 Ice/Tmut       5%         N/A       77%         4


Dungeon Overview and Level Annotations

Branches:
Dungeon (1/15)

Altars:


Innate Abilities, Weirdness & Mutations

You have temporarily grown beastly horns and talons.
You are very small and have problems with some larger weapons.
You are too small for most types of armour.
You have supernaturally acute eyesight. (SInv)
You cover ground extremely quickly. (Speed+++)


Message History

A goblin comes into view.
It is wielding a +0 club. 2 jackals come into view.
Found a scroll labelled GUISIP ZIOBANU.
The jackal barks!
The goblin shouts!
Found 5 gold pieces.
The jackal misses you.
You hit the jackal but do no damage. The jackal closely misses you.
The jackal misses you.
You closely miss the jackal. The jackal bites you.
The jackal closely misses you. The jackal bites you.
The jackal completely misses you. The jackal barely misses you.
You closely miss the jackal. You headbutt the jackal.
You kill the jackal!
The jackal bites you. x2
Your horns disappear.
Your talons disappear.
You now have 5 gold pieces.
Found 34 stones.
A jackal is nearby!
An endoplasm and a hobgoblin come into view.
You grow a pair of large bovine horns.
Your feet morph into talons.
You closely miss the jackal. You headbutt the jackal.
You kill the jackal!
The jackal barely misses you.
You see here a jackal corpse.
You hit the jackal.
The jackal is moderately wounded.
The jackal bites you.
You hit the jackal. You headbutt the jackal.
You kill the jackal!
The jackal completely misses you. The jackal misses you. The jackal bites you.
* * * LOW HITPOINT WARNING * * *
You hit the jackal but do no damage. You headbutt the jackal.
You kill the jackal!
Your transformation is almost over.
Magic restored.
A goblin is nearby!
The goblin hits you with a +0 club.
You die...

##########
.........#
.........#
g....J...# #..#
#..# .... #..#
..... #†.# ....#
#@.# #..# #g.# #
#..#####..# #.
#.........#
#..###.........#
#...(..........#
#.......h####..#
.. #........#
#..#
...#..####..#
#..#


You could see a goblin.

Vanquished Creatures
  4 jackals (D:1)
4 creatures vanquished.

Notes
Turn   | Place    | Note
-------+----------+-------------------------------------------
     0 | D:1      | vvl the Spriggan Transmuter began the quest for the Orb.
     0 | D:1      | Reached XP level 1. HP: 9/9 MP: 5/5
    78 | D:1      | Slain by a goblin

Illustrated notes

Levels and vault maps discovered:
D:1:      dpeg_arrival_boxorama, layout_rooms

Action                   || total
-------------------------++-------
Melee: Unarmed           ||     7
       Headbutt          ||     4
 Cast: Beastly Appendage ||     2
Dodge: Dodged            ||     9
